 Dungeon Crawl Stone Soup version 0.30-a0-159-g068b764562 (webtiles) character file.

Game seed: 13523025050803464088

6 Flugkiller the Trooper (level 1, 0/18 (22) HPs)
             Began as an Ogre Reaver on Sept 27, 2022.
             Slain by a quokka (1 damage)
             ... on level 1 of the Dungeon.
             The game lasted 00:00:17 (78 turns).

Flugkiller the Trooper (Ogre Reaver)                  Turns: 78, Time: 00:00:17

HP:   0/18 (22)     AC:  3    Str: 15    XL:     1   Next: 90%
MP:   3/4           EV:  9    Int: 14    God:
Gold: 0             SH:  0    Dex:  7    Spells: 4/5 levels left

rFire   . . .      SeeInvis .    a - +0 mace
rCold   . . .      Faith    .    (no shield)
rNeg    . . .      Spirit   .    b - +0 robe
rPois   .          Reflect  .    (helmet restricted)
rElec   .          Harm     .    (no cloak)
rCorr   .          Rampage  .    (gloves unavailable)
Will    .....                    (boots unavailable)
Stlth   +.........               (no amulet)
HPRegen 0.06/turn                (no ring)
MPRegen 0.09/turn                (no ring)

@: heavily drained
A: large, unfitting armour, tough skin 1
a: no special abilities


You were on level 1 of the Dungeon.
You visited 1 branch of the dungeon, and saw 1 of its levels.

Inventory:

Hand Weapons
 a - a +0 mace (weapon)
Armour
 b - a +0 robe (worn)
Potions
 c - a potion of curing {unknown}
 d - a potion of invisibility {unknown}
 e - a potion of cancellation {unknown}


   Skills:
 + Level 2.9 Fighting
 - Level 2.6 Maces & Flails
 - Level 1.7 Dodging
 + Level 2.5 Spellcasting
 * Level 2.9 Conjurations


You had 4 spell levels left.
You knew the following spells:

 Your Spells              Type           Power      Damage    Failure   Level
a - Kiss of Death         Conj/Necr      20%        2d7       12%         1

Your spell library contained the following spells:

 Spells                   Type           Power      Damage    Failure   Level
 Volcanic Tap             Conj/Fire/Erth 8%         3d8       22%         2
 Hailstorm                Conj/Ice       5%         3d4       36%         3


Dungeon Overview and Level Annotations

Branches:
Dungeon (1/15) Zot: 5917

Altars:


Innate Abilities, Weirdness & Mutations

You are too large for most types of armour.
You have tough skin. (AC +1)


Message History

You kill the ball python!
You hit the quokka.
You kill the quokka!
No target in view!
No target in view!
You see here a quokka corpse.
Found 2 stones.
An endoplasm comes into view.
An endoplasm is nearby!
An endoplasm is nearby!
No target in view!
No target in view!
No target in view!
No target in view!
No target in view!
c - a pink potion No target in view!
No target in view!
No target in view!
No target in view!
No target in view!
No target in view!
No target in view!
The endoplasm quivers.
You see here 2 stones.
An endoplasm is nearby!
An endoplasm is nearby!
The endoplasm freezes you.
You are frozen.
You hit the endoplasm.
The endoplasm is severely wounded.
The endoplasm hits you but does no damage.
The endoplasm hits you.
You hit the endoplasm. You punch the endoplasm.
You kill the endoplasm!
No target in view!
No target in view!
No target in view!
No target in view!
No target in view!
No target in view!
No target in view!
d - a lumpy inky potion
e - a metallic black potion You open the door.
A hobgoblin comes into view.
The hobgoblin shouts!
Found 13 gold pieces.
A hobgoblin is nearby!
A hobgoblin is nearby!
A quokka comes into view.
Found 10 gold pieces.
The hobgoblin completely misses you.
There is an open door here.
You barely miss the hobgoblin. The hobgoblin barely misses you.
You hit the hobgoblin.
The hobgoblin is almost dead.
The hobgoblin barely misses you.
You closely miss the hobgoblin.
The hobgoblin is almost dead.
The hobgoblin barely misses you. x2
You barely miss the hobgoblin.
The hobgoblin is almost dead.
The quokka completely misses you.
The hobgoblin hits you but does no damage.
You hit the hobgoblin.
You kill the hobgoblin!
The quokka bites you. x2
You completely miss the quokka. Your punch misses the quokka.
The quokka bites you.
You are too injured to fight recklessly!
A quokka is nearby!
You are too injured to fight recklessly!
You are too injured to fight recklessly!
You hit the quokka. Your punch misses the quokka.
The quokka is lightly wounded.
The quokka bites you. x2
You barely miss the quokka. The quokka closely misses you.
A ball python comes into view.
The quokka barely misses you.
You barely miss the quokka.
The ball python hisses angrily.
The quokka bites you.
* * * LOW HITPOINT WARNING * * *
You hit the quokka.
The quokka is lightly wounded.
The quokka barely misses you. The ball python bites you.
* * * LOW HITPOINT WARNING * * *
The ball python bites you.
* * * LOW HITPOINT WARNING * * *
The quokka barely misses you.
Unknown command.
Casting: Kiss of Death (safe; 12% risk of failure)
Confirm with . or Enter, or press ? or * to list all spells.
Aiming: Kiss of Death (safe; 12% risk of failure)
Press: ? - help, Shift-Dir - straight line, f - quokka
Aim: a quokka (lightly wounded, 100% to hit)
The negative energy hits the quokka.
The quokka is drained!
The quokka is almost dead.
You feel drained. The quokka bites you.
You die...

.............
.........$#.
...........
..........#
..........#
..........#####
......†S.$.....
#r# #@#########
#.........#
#.........#
#.........# #
#.........#
#.......###
#.......#
#.####### #.#
####


You could see a quokka (very drained) and a ball python.

Vanquished Creatures
  An endoplasm (D:1)
  2 hobgoblins (D:1)
  A quokka (D:1)
  A ball python (D:1)
5 creatures vanquished.

Notes
Turn   | Place    | Note
-------+----------+-------------------------------------------
     0 | D:1      | Flugkiller the Ogre Reaver began the quest for the Orb.
     0 | D:1      | Reached XP level 1. HP: 22/22 MP: 3/3
    76 | D:1      | HP: 1/22 [ball python (2)]
    78 | D:1      | Slain by a quokka

Illustrated notes

Levels and vault maps discovered:
D:1:      dpeg_arrival_short_road, layout_basic,
          hangedman_decor_clover_reticule, minmay_tromino_mix6

Action                   || total
-------------------------++-------
Melee: Mace              ||    15
       Punch             ||     1
 Cast: Kiss of Death     ||     1
Armor: Robe              ||     2
Dodge: Dodged            ||    10

Table legend: (Time is in decaauts)
 A = Elapsed time spent in this place.
 B = Non-inter-level travel time spent in this place.
 C = Inter-level travel time spent in this place.
 D = Time resting spent in this place.
 E = Time spent auto-exploring this place.
 F = Levels seen in this place.
 G = Mean time per level.
                   A        B        C        D        E       F      G
               +--------+--------+--------+--------+--------+-----+--------+
         Total |     82 |     82 |      0 |      0 |     42 |   1 |   82.0 |
       Dungeon |     82 |     82 |      0 |      0 |     42 |   1 |   82.0 |
               +--------+--------+--------+--------+--------+-----+--------+

Top non-repeatable levels by time:
     D:1: 82 daAuts
